 Dungeon Crawl Stone Soup version 0.17-a0-1760-ga6756ae (webtiles) character file.

72 kosy22 the Skirmisher (level 4, 0/44 HPs)
             Began as a Troll Abyssal Knight on Sept 3, 2015.
             Was a Believer of Lugonu.
             Slain by Sigmund
             ... wielding a +4 scythe
              (10 damage)
             ... on level 3 of the Dungeon.
             The game lasted 00:07:00 (1700 turns).

kosy22 the Skirmisher (Troll Abyssal Knight)        Turns: 1700, Time: 00:07:00

Health: 0/44       AC:  5    Str: 21    XL:     4   Next: 6%
Magic:  4/4        EV: 11    Int: 13    God:    Lugonu [**....]
Gold:   131        SH: 12    Dex: 14    Spells: 0 memorised, 3 levels left

rFire  . . .     SeeInvis .       - Unarmed
rCold  . . .     Clarity  .     a - +0 robe
rNeg   . . .     SustAt   .     h - +0 large shield
rPois  .         Gourm    +     (helmet restricted)
rElec  .         Spirit   .     (no cloak)
rCorr  .         Warding  .     (gloves unavailable)
rMut   .         Stasis   .     (boots unavailable)
MR     +....                    (no amulet)
Stlth  ++........               (no ring)
                                k - ring of protection from magic

@: brilliant, agile, very slightly contaminated, invisible, somewhat resistant
to hostile enchantments, unstealthy
A: unfitting armour, claws 3, fast metabolism 3, gourmand, regeneration 2,
shaggy fur 1, tough skin 2
a: Depart the Abyss, Bend Space, Renounce Religion


You were on level 3 of the Dungeon.
You worshipped Lugonu.
Lugonu was pleased with you.
You were very hungry.

You visited 1 branch of the dungeon, and saw 3 of its levels.
You visited the Abyss 1 time.

You collected 131 gold pieces.

Inventory:

Armour
 a - a +0 robe (worn)
 h - a +0 large shield (worn)
 m - a +0 shield
Jewellery
 k - a ring of protection from magic (left claw)
Magical devices
 o - a wand of polymorph (2)
Scrolls
 d - a scroll of identify
 f - a scroll of teleportation
 g - 2 scrolls of remove curse {unknown}
 n - a scroll of immolation {unknown}
 p - a scroll of random uselessness {unknown}
 q - a scroll of noise {unknown}
 r - a scroll of enchant armour {unknown}
Potions
 c - a potion of brilliance


   Skills:
 + Level 2.9 Fighting
 + Level 2.7 Dodging
 + Level 0.7 Shields
 + Level 2.7 Unarmed Combat
 + Level 1.5 Invocations
 + Level 0.1 Evocations


You had 3 spell levels left.
You didn't know any spells.

Dungeon Overview and Level Annotations

Branches:
Dungeon (3/15)

Altars:
Qazlal

Annotations:
D:3 Sigmund


Innate Abilities, Weirdness & Mutations

You are too large for most types of armour.
You have claws for hands.
Your metabolism is lightning-fast.
You like to eat raw meat.
You heal very quickly.
You are covered in fur (AC +1).
You have very tough skin (AC +2).


Message History

You feel sick. The bat barely misses you.
A magic dart appears from out of thin air!
The magic dart hits the giant gecko.
The giant gecko dies!
You block the goblin's attack. Something hits you!
* * * LOW HITPOINT WARNING * * *
You block the bat's attack.
Things that are here:
a whip; a giant gecko corpse Drink which item? (? for menu, Esc to quit)
You feel better. The bat hits you but does no damage. The bat misses you.
Something hits you!
* * * LOW HITPOINT WARNING * * *
Drink which item? (? for menu, Esc to quit)
You feel better. You block the bat's attack. The goblin misses you.
Drink which item? (? for menu, Esc to quit)
You feel clever all of a sudden. You block the bat's attack.
You block the goblin's attack. Something hits you!
You die...

..#.# #$..### ..
#.....# . #...#.#
.###.
...##..<#.###.....
.........)........
#..##......b......
# ###..)........
#...@.......
.$.....g........
.####...........
#....#......
#....#..#...
#....#......
#..... .#...
#..... .#..


You could see a goblin and a bat.

Vanquished Creatures
  An adder (D:2)
  An ooze (D:1)
  2 adder zombies (D:2)
  2 worms (D:2)
  3 giant geckos
  5 bats
  A bat zombie (D:2)
  7 goblins
  4 hobgoblins (D:1)
  4 kobolds
  A ball python skeleton (D:2)
  A giant cockroach zombie (D:2)
  A giant gecko skeleton (D:2)
  A giant gecko zombie (D:2)
  4 giant newts
  A jackal zombie (D:2)
  8 rats
47 creatures vanquished.

Vanquished Creatures (others)
  A giant gecko (D:3)
  A kobold (D:3)
2 creatures vanquished.

Grand Total: 49 creatures vanquished

Notes
Turn   | Place    | Note
--------------------------------------------------------------
     0 | Abyss:1  | kosy22 the Troll Abyssal Knight began the quest for the Orb.
     0 | Abyss:1  | Reached XP level 1. HP: 22/22 MP: 1/1
     3 | D:1      | Escaped the Abyss
   218 | D:1      | Reached XP level 2. HP: 26/29 MP: 2/2
   592 | D:2      | Acquired Lugonu's second power
   685 | D:2      | Reached XP level 3. HP: 26/36 MP: 3/3
   729 | D:2      | Found a stormy altar of Qazlal.
  1660 | D:2      | Reached XP level 4. HP: 44/44 MP: 4/4
  1680 | D:3      | Noticed Sigmund
  1698 | D:3      | HP: 1/44 [something (10)]
  1700 | D:3      | Slain by Sigmund

Vault maps used:
D:1:      minmay_arrival_semitransparent, serial_bayou_crossing
D:2:      wad_crossroads, serial_undead, serial_undead_c, serial_undead_d,
          serial_undead_c, serial_undead_c, nicolae_qazlal_general_emergency
D:3:      lemuel_crystal_altar, gup_sewer_entry_bowl, uniq_sigmund

Action                   |  1- 3 |  4- 6 || total
-------------------------+-------+-------++-------
Melee: Unarmed           |   139 |    12 ||   151
Evoke: Wand              |     1 |       ||     1
  Use: Scroll            |     4 |       ||     4
       Potion            |     2 |     8 ||    10
 Stab: Sleeping          |     1 |       ||     1
       Invisible         |       |     1 ||     1
  Eat: Bread ration      |     2 |       ||     2
       Pizza             |     1 |       ||     1
       Beef jerky        |     1 |       ||     1
